 Dungeon Crawl Stone Soup version 0.31-a0-977-gc230f8ef24 (webtiles) character file.

Game seed: 17583190633259655970

39166 monsoonserge the Nimble (level 14, -5/116 HPs)
             Began as a Merfolk Monk on Oct 30, 2023.
             Was a High Priest of Nemelex Xobeh.
             Slain by a komodo dragon (16 damage)
             ... on level 4 of the Lair of Beasts.
             The game lasted 01:01:49 (19830 turns).

monsoonserge the Nimble (Merfolk Monk)             Turns: 19830, Time: 01:01:50

Health: -5/116     AC: 14    Str: 12    XL:     14   Next: 5%
Magic:  20/20      EV: 26    Int: 10    God:    Nemelex Xobeh [*****.]
Gold:   887        SH:  0    Dex: 20    Spells: 13/13 levels left

rFire   . . .        i - +7 rapier of the First Wishes {flame, Contam rPois rN++ Stlth+}
rCold   . . .        d - orb {light}
rNeg    + + .        m - +0 acid dragon scales
rPois   +            U - +0 helmet
rElec   .            q - +0 cloak
rCorr   +            x - +2 pair of gloves
SInv    +            (no boots)
Will    +....        (no amulet)
Stlth   +            t - +5 ring of evasion
HPRegen 0.39/turn    h - ring of see invisible
MPRegen 0.17/turn

%: no passive effects
@: lethally poisoned (-5 -> -15), glowing
A: (nimble swimmer 2), mertail
a: Renounce Religion, Draw Escape, Draw Destruction, Draw Summoning, Triple
Draw, Deal Four, Stack Five


You were on level 4 of the Lair of Beasts.
You worshipped Nemelex Xobeh.
Nemelex Xobeh was extremely pleased with you.
You visited 3 branches of the dungeon, and saw 17 of its levels.
You also visited: Sewer.

You collected 887 gold pieces.

Inventory:

Hand Weapons
 a - the +6 falchion "Ruxeoz" {antimagic, *Rage rF+ SInv Stlth+}
   (You found it on level 1 of the Lair of Beasts)

   rF+:       It protects you from fire.
   SInv:      It lets you see invisible.
   *Rage:     It berserks you when you make melee attacks (+20% chance).
   Stlth+:    It makes you more stealthy.
 i - the +7 rapier of the First Wishes (weapon) {flame, Contam rPois rN++ Stlth+}
   (You found it on level 11 of the Dungeon)

   rPois:     It protects you from poison rN++: It greatly protects you from
   negative energy.
   Contam:    It causes magical contamination when unequipped.
   Stlth+:    It makes you more stealthy.
Missiles
 p - 5 darts of dispersal
 z - 6 curare-tipped darts
 B - 18 poisoned darts
 C - 6 atropa-tipped darts
 D - 6 javelins
 I - a throwing net
 P - 5 boomerangs (quivered)
Armour
 d - an orb of light (worn)
 m - +0 acid dragon scales (worn)
 q - a +0 cloak (worn)
 u - the +1 robe of Autotheism {rElec rF+}
   (You found it on level 10 of the Dungeon)

   rF+:       It protects you from fire.
   rElec:     It insulates you from electricity.
 x - a +2 pair of gloves (worn)
 T - a +0 scale mail of cold resistance
 U - a +0 helmet (worn)
Jewellery
 h - a ring of see invisible (right hand)
 t - a +5 ring of evasion (left hand)
 J - a +6 ring of strength
 K - a ring of wizardry
 Y - a ring of flight
Talismans
 O - a flux talisman
Wands
 s - a wand of flame (53)
 N - a wand of iceblast (36)
 S - a wand of polymorph (6)
Scrolls
 b - 6 scrolls of teleportation
 f - 3 scrolls of fog {unknown}
 o - 5 scrolls of enchant armour
 r - a scroll of brand weapon
 v - 2 scrolls of enchant weapon
 y - 3 scrolls of blinking
 A - a scroll of revelation
 E - a scroll of poison
 F - 2 scrolls of fear
 Q - a scroll of immolation
 W - a scroll of torment {unknown}
 X - a scroll of acquirement {unknown}
 Z - a scroll of amnesia
Potions
 c - 2 potions of ambrosia
 e - 5 potions of curing
 g - 2 potions of degeneration {unknown}
 j - 5 potions of lignification
 l - 2 potions of heal wounds {unknown}
 n - 5 potions of brilliance
 w - 4 potions of enlightenment
 G - 3 potions of invisibility
 H - a potion of magic {unknown}
 L - 4 potions of might {unknown}
 M - 2 potions of mutation {unknown}
 R - a potion of resistance {unknown}
 V - 3 potions of haste {unknown}
Miscellaneous
 k - a phantom mirror


   Skills:
 + Level 12.9 Fighting
 + Level 11.7(12.1) Short Blades
 - Level 4.5(8.8) Long Blades
 + Level 4.2 Throwing
 + Level 7.6 Armour
 + Level 14.8 Dodging
 - Level 9.0 Invocations
 + Level 6.4 Evocations


You had 13 spell levels left.
You didn't know any spells.
Your spell library contained the following spells:

 Spells                   Type           Power      Damage    Failure   Level
 Sandblast                Erth           0%         2d4       47%         1
 Passwall                 Tmut/Erth      0%         N/A       63%         2
 Poisonous Vapours        Pois/Air       0%         N/A       63%         2
 Dazzling Flash           Conj/Hex       0%         N/A       85%         3
 Stone Arrow              Conj/Erth      0%         3d7       85%         3
 Volatile Blastmotes      Fire/Tloc      0%         2d10      85%         3
 Animate Armour           Summ/Erth      0%         N/A       99%         4
 Animate Dead             Necr           0%         N/A       99%         4
 Brom's Barrelling Bould  Conj/Erth      0%         2d3       99%         4
 Passage of Golubria      Tloc           0%         N/A       99%         4
 Iskenderun's Battlesphe  Conj           0%         2d6       100%        5
 Silence                  Hex/Air        0%         N/A       100%        5
 Bombard                  Conj/Erth      0%         9d1       100%        6
 Starburst                Conj/Fire      0%         6d3       100%        6
 Summon Cactus Giant      Summ           0%         N/A       100%        6
 Haunt                    Necr/Summ      0%         N/A       100%        7
 Malign Gateway           Summ/Tloc      0%         N/A       100%        7
 Spellforged Servitor     Conj/Summ      0%         N/A       100%        7
 Infestation              Necr           0%         N/A       100%        8
 Lehudib's Crystal Spear  Conj/Erth      0%         10d2      100%        8
 Maxwell's Capacitive Co  Air            0%         ∞         100%        8
 Summon Horrible Things   Summ           0%         N/A       100%        8


Dungeon Overview and Level Annotations

Branches:
Dungeon (11/15)            Temple (1/1) D:5            Lair (5/5) D:9
  Swamp (0/4) Lair:3        Snake (0/4) Lair:2          Orc (0/2) D:10
  Sewer (visited)
  Slime: Lair:4-5

Altars:
Ashenzari
Cheibriados
Dithmenos
Elyvilon
Fedhas
Gozag
Hepliaklqana
Kikubaaqudgha
Makhleb
Nemelex Xobeh
Okawaru
Qazlal
Ru
Sif Muna
Trog
Uskayaw
Vehumet
Wu Jian
Xom
Yredelemnul
Zin
The Shining One

Shops:
D:10 [


Innate Abilities, Weirdness & Mutations

((You are very nimble when in or above water. (Stealth+, EV+, Speed+++)))
Your lower body shifts to a powerful aquatic tail in water.


Message History

The orb spider is moderately wounded.
The basilisk completely misses you. The spark wasp completely misses you.
You hit the orb spider. You burn the orb spider.
The orb spider is heavily wounded.
You feel sick. The queen bee barely misses you. The komodo dragon misses you.
The spark wasp closely misses you. The basilisk bites you.
* * * LOW HITPOINT WARNING * * *
Unknown command.
You hit the orb spider. You burn the orb spider.
The orb spider is severely wounded.
The spark wasp completely misses you.
Unknown command.
You draw a card...
You have drawn the Orb.
Press: ? - help, Shift-Dir - straight line, f - orb spider, p - spark wasp
Aim: an orb spider (severely wounded, fully charged, misshapen and mutated, haloed)
Your orb of destruction hits a rock wall.
The wavering orb of destruction weakly hits the basilisk!!
The basilisk is severely wounded.
You feel sick. The queen bee closely misses you.
The komodo dragon barely misses you. The basilisk barely misses you.
The spark wasp closely misses you.
Unknown command.
Press: ? - help, v - describe, . - travel
Here: an orb of destruction (friendly, haloed)
The floor.
Unknown command.
You closely miss the spark wasp.
The spark wasp is heavily wounded.
You feel sick.
The orb of destruction hits the orb spider!!!
You blow up the orb spider!
The queen bee stings you!
* * * LOW HITPOINT WARNING * * *
You are more poisoned.
The queen bee poisons you!
The spark wasp stings you but does no damage.
The komodo dragon bites you!
You die...
Your body glows with a rainbow of weird colours and disappears.

#### ###### ##..### ##....###
######## ##.P.P#. #.....+.###
#...##.# #....... ##....#...##
#......## #.......
.'....#....###.......### #.......
#......#......+ly○○.+..###.......
##....##.#....†y@l..##...........
##..#############..###..........
#P.## #.## #..#....... #..## #..#
#####...#.. ##..# #..# ##...####
##..# ######.## ##.#.'#### #..##
###.##..+.# #.........
###.#######.##......#####........
#.P..........'......##.#.........


You could see a spark wasp (misshapen), a komodo dragon (misshapen), a queen bee
(misshapen) and a basilisk (misshapen).

Vanquished Creatures
  A jorogumo (Lair:4)
  2 hydras (Lair:4)
  3 catoblepae
  5 two-headed ogres
  2 boulder beetles
  Amaemon (D:9)
  A skyshark (Lair:3)
  A bog body (Lair:3)
  An orb spider (Lair:4)
  Pikel (D:5)
  An oklob plant (Lair:3)
  A moth of wrath (D:10)
  Joseph (D:7)
  An elephant (Lair:4)
  6 black mambas
  12 cane toads
  10 komodo dragons
  An orange demon (Lair:1)
  4 unseen horrors (D:11)
  3 rime drakes
  Maggie (Lair:1)
  2 trolls
  2 polar bears
  14 blink frogs
  A vampire (D:11)
  A wraith (D:11)
  26 yaks
  3 basilisks
  2 steam dragons
  4 wyverns
  Menkaure (D:6)
  2 acid dragons
  3 nagas (Lair:2)
  9 water moccasins
  Pargi (Sewer)
  6 black bears
  3 orc warriors
  A sky beast (D:8)
  A tengu (Lair:4)
  An ice beast (D:5)
  An ogre (D:6)
  A centaur (D:6)
  24 wolves
  A boggart (Lair:4)
  2 phantoms (D:11)
  3 lemures (D:4)
  A kobold brigand (D:6)
  11 bullfrogs
  A gnoll sergeant (D:9)
  3 scorpions
  29 wights
  6 killer bees (D:7)
  3 howler monkeys
  A centaur zombie (D:8)
  A hound (D:6)
  A jelly (D:6)
  3 gnoll boudas
  2 orc priests
  Crazy Yiuf (D:3)
  3 sleepcaps
  5 orc wizards
  An iguana (D:5)
  A killer bee zombie (D:8)
  A howler monkey zombie (D:8)
  16 gnolls
  7 adders
  4 worms
  3 dart slugs
  21 orcs
  8 endoplasms
  A giant cockroach (D:9)
  6 goblins
  6 hobgoblins
  14 kobolds
  4 quokkas
  8 ball pythons
  20 bats
  A frilled lizard (D:1)
  5 rats
372 creatures vanquished.

Vanquished Creatures (collateral kills)
  A wandering mushroom (D:9)
  An orc warrior (D:9)
  An orc priest (D:9)
  An orc wizard (D:9)
  2 orcs (D:9)
6 creatures vanquished.

Grand Total: 378 creatures vanquished

Notes
Turn   | Place    | Note
-------+----------+-------------------------------------------
     0 | D:1      | monsoonserge the Merfolk Monk began the quest for the Orb.
     0 | D:1      | Reached XP level 1. HP: 18/18 MP: 1/1
   148 | D:1      | Reached XP level 2. HP: 20/24 MP: 2/2
   532 | D:1      | Reached XP level 3. HP: 25/29 MP: 3/3
  1095 | D:2      | Found a faded altar of an unknown god.
  1261 | D:2      | Found a broken altar of Ashenzari.
  2077 | D:3      | Reached skill level 1 in Short Blades
  2077 | D:3      | Reached XP level 4. HP: 28/37 MP: 4/4
  2467 | D:3      | Reached skill level 1 in Armour
  2690 | D:3      | Identified the +7 hammer "Ateip" {venom, rC+ Str-3 Dex+2}
  2707 | D:3      | Found a runed translucent door.
  2708 | D:3      | Noticed Crazy Yiuf
  2861 | D:3      | Killed Crazy Yiuf
  2862 | D:3      | Reached skill level 5 in Dodging
  2974 | D:4      | Reached XP level 5. HP: 42/42 MP: 5/5
  3082 | D:4      | Found a glowing drain.
  3110 | Sewer    | Entered a sewer
  3135 | Sewer    | Noticed Pargi
  3149 | Sewer    | Killed Pargi
  3150 | Sewer    | Reached XP level 6. HP: 30/48 MP: 6/6
  3770 | D:5      | Entered Level 5 of the Dungeon
  4012 | D:5      | Reached XP level 7. HP: 53/55 MP: 7/7
  4084 | D:5      | Reached skill level 5 in Short Blades
  4084 | D:5      | Reached skill level 6 in Dodging
  4315 | D:5      | Noticed Pikel
  4493 | D:5      | HP: 2/82 [Pikel/+1 whip of freezing (3)]
  4494 | D:5      | Killed Pikel
  4495 | D:5      | Reached skill level 7 in Dodging
  4495 | D:5      | Reached XP level 8. HP: 3/61 MP: 8/8
  4714 | D:5      | Reached skill level 5 in Fighting
  4732 | D:5      | Found a staircase to the Ecumenical Temple.
  4744 | Temple   | Entered the Ecumenical Temple
  4774 | Temple   | Became a worshipper of Nemelex Xobeh the Trickster
  4774 | Temple   | Reached * piety under Nemelex Xobeh
  4774 | Temple   | Received a gift from Nemelex Xobeh
  4774 | Temple   | Reached ** piety under Nemelex Xobeh
  5343 | D:6      | Reached skill level 1 in Invocations
  5397 | D:6      | Noticed Menkaure
  5410 | D:6      | Killed Menkaure
  5666 | D:6      | Received a gift from Nemelex Xobeh
  5796 | D:6      | Reached XP level 9. HP: 42/68 MP: 10/10
  6418 | D:6      | Reached *** piety under Nemelex Xobeh
  6528 | D:6      | Received a gift from Nemelex Xobeh
  6845 | D:7      | Reached skill level 8 in Dodging
  7123 | D:7      | Reached skill level 1 in Evocations
  7210 | D:7      | Noticed Joseph
  7366 | D:7      | Killed Joseph
  7571 | D:7      | Reached skill level 10 in Short Blades
  7808 | D:7      | Identified the +6 dagger "Sewoh" {elec, *Rage Str+5 Dex+3}
  8234 | D:9      | Reached XP level 10. HP: 75/77 MP: 13/13
  8389 | D:9      | Reached skill level 5 in Invocations
  8391 | D:9      | Reached skill level 1 in Throwing
  8391 | D:9      | Reached skill level 9 in Dodging
  8982 | D:8      | Received a gift from Nemelex Xobeh
  9097 | D:8      | Noticed a two-headed ogre
  9115 | D:8      | Killed a two-headed ogre
  9116 | D:8      | Reached skill level 5 in Armour
  9524 | D:8      | You fall into a shaft and drop 2 floors!
  9524 | D:10     | Identified the "Ijuax"
  9524 | D:10     | Entered Level 10 of the Dungeon
  9537 | D:10     | Noticed Nergalle
  9541 | D:10     | Nergalle changed into Nergalle the moth of wrath
  9541 | D:10     | Noticed Nergalle
  9545 | D:10     | Killed Nergalle the moth of wrath
  9546 | D:10     | Reached skill level 10 in Dodging
  9546 | D:10     | Reached XP level 11. HP: 78/87 MP: 14/14
  9547 | D:10     | Identified the +1 ring mail of Kowoq {+Inv Stlth+}
  9549 | D:10     | Found Nomeiwuge's Antique Armour Boutique.
  9720 | D:10     | Identified the +1 robe of Autotheism {rElec rF+}
  9754 | D:10     | Received a gift from Nemelex Xobeh
  9773 | D:10     | Reached **** piety under Nemelex Xobeh
 10619 | D:9      | Noticed a two-headed ogre
 10629 | D:9      | Killed a two-headed ogre
 10652 | D:9      | Found a snail-covered altar of Cheibriados.
 10659 | D:9      | Found a sacrificial altar of Ru.
 10664 | D:9      | Found an iron altar of Okawaru.
 10860 | D:9      | Found a hazy altar of Hepliaklqana.
 10989 | D:9      | Noticed a two-headed ogre
 11005 | D:9      | Killed a two-headed ogre
 11014 | D:9      | Found a staircase to the Lair.
 11153 | D:9      | Noticed a two-headed ogre
 11175 | D:9      | Killed a two-headed ogre
 11718 | D:10     | Found a staircase to the Orcish Mines.
 11752 | D:10     | Noticed a two-headed ogre
 11766 | D:10     | Killed a two-headed ogre
 11774 | D:10     | Received a gift from Nemelex Xobeh
 11891 | D:10     | Found a blossoming altar of Fedhas.
 11892 | D:10     | Found an ancient bone altar of Kikubaaqudgha.
 12356 | D:11     | Reached skill level 10 in Fighting
 12679 | D:11     | Noticed a boulder beetle
 12726 | D:11     | Killed a boulder beetle
 12727 | D:11     | Reached skill level 11 in Dodging
 13222 | D:11     | Reached XP level 12. HP: 86/97 MP: 16/16
 13308 | D:11     | Noticed a boulder beetle
 13382 | D:11     | Identified the +7 rapier of the First Wishes {flame, Contam
                  | rPois rN++ Stlth+}
 13501 | Lair:1   | Entered Level 1 of the Lair of Beasts
 13501 | Lair:1   | Noticed Amaemon
 13501 | Lair:1   | Noticed Maggie
 13519 | D:9      | Killed Amaemon
 13644 | Lair:1   | Killed Maggie
 13752 | Lair:1   | Identified the +6 falchion "Ruxeoz" {antimagic, *Rage rF+
                  | SInv Stlth+}
 13990 | Lair:1   | Reached skill level 12 in Dodging
 14369 | Lair:1   | Reached ***** piety under Nemelex Xobeh
 14901 | Lair:1   | Received a gift from Nemelex Xobeh
 15381 | Lair:2   | Reached skill level 13 in Dodging
 15732 | Lair:2   | Received a gift from Nemelex Xobeh
 15814 | Lair:2   | Reached skill level 5 in Evocations
 15816 | Lair:2   | Identified the +3 leather armour "Hader" {-Tele rC+ Regen+
                  | SInv}
 15926 | Lair:2   | Reached XP level 13. HP: 107/107 MP: 19/19
 15980 | Lair:2   | Found a staircase to the Snake Pit.
 16213 | Lair:2   | Received a gift from Nemelex Xobeh
 16903 | Lair:3   | Received a gift from Nemelex Xobeh
 17272 | Lair:3   | Reached skill level 14 in Dodging
 17626 | Lair:3   | Found a staircase to the Swamp.
 18247 | Lair:4   | Received a gift from Nemelex Xobeh
 19061 | Lair:5   | Entered Level 5 of the Lair of Beasts
 19324 | Lair:5   | Paralysed by a jorogumo for 1 turns
 19334 | Lair:4   | HP: 6/159 [jorogumo (4)]
 19641 | Lair:5   | Reached XP level 14. HP: 110/116 MP: 20/20
 19830 | Lair:4   | Slain by a komodo dragon

Illustrated notes

Levels and vault maps discovered:
D:1:      dpeg_arrival_three_same_balls, layout_basic
D:2:      layout_loops_corners, basic_altar, nicolae_ecumenical_lake_church
D:3:      layout_basic, uniq_crazy_yiuf_cottage
D:4:      layout_cave_pods, cheibrodos_sewer_entry_sluice
D:5:      nicolae_cairo_tiling, layout_cave_pools, minmay_temple_entry_poolview,
          hangedman_decor_points, kennysheep_nub, uniq_pikel
D:6:      layout_basic, bh_walls_and_bars, uniq_menkaure
D:7:      layout_basic, uniq_joseph
D:8:      layout_basic, serial_undead, serial_undead_d, serial_undead_a,
          serial_undead_e, serial_undead_e
D:9:      layout_cave_pods, grunt_temple_overflow_cloverleaf, dpeg_oklobed_lair,
          kennysheep_another_room
D:10:     layout_basic, grunt_temple_overflow_growth_and_decay, david_orc_2,
          serial_shops, shop, uniq_nergalle
D:11:     layout_roguey, hangedman_batty
Temple:   compressed_dpeg_triangle_lava_temple
Lair:1:   layout_layer_cave, grunt_megastairs_5, infiniplex_staircase_pool_2,
          uniq_amaemon, uniq_maggie
Lair:2:   layout_regular_city, nicolae_snake_entry_squirm
Lair:3:   layout_loops_ring, skrybe_swamp_entry_bodies, st_stairs_12,
          grunt_megastairs_2, serial_bayou_shore_b
Lair:4:   layout_roguey, grunt_megastairs_4
Lair:5:   guppyfry_lair_end_dragon, layout_small_grid, hangedman_lair_in_review,
          slime_entry_1, minmay_lair_drake_nest, infiniplex_staircase_pool

Skill      XL: |  1  2  3  4  5  6  7  8  9 10 11 12 13 |
---------------+----------------------------------------+-----
Long Blades    | 4 |  4.5
Short Blades   | 1 2 3 4 6 8 10 11 | 11.7
Armour         | 1 2 3 5 6 7 |  7.6
Dodging        | 5 7 8 10 11 13 14 | 14.8
Fighting       | 4 5 6 8 10 11 12 | 12.9
Invocations    | 2 4 5 6 8 9 |  9.0
Evocations     | 1 3 5 6 |  6.4
Throwing       | 1 3 4 |  4.2

Action                     |  1- 3 |  4- 6 |  7- 9 | 10-12 | 13-15 || total
---------------------------+-------+-------+-------+-------+-------++-------
  Melee: Falchion          |    50 |       |       |       |       ||    50
         Short sword       |    35 |   147 |   324 |   593 |       ||  1099
         Tailslap          |       |     1 |       |     8 |     3 ||    12
         Dagger            |       |       |     6 |       |       ||     6
         Great sword       |       |       |       |    14 |       ||    14
         Rapier            |       |       |       |   281 |   456 ||   737
  Throw: Dart              |       |     2 |     4 |    23 |     2 ||    31
         Boomerang         |       |       |       |     2 |     5 ||     7
 Invoke: Draw Destruction  |       |       |     1 |    11 |    12 ||    24
         Draw Summoning    |       |       |       |     1 |       ||     1
    Use: Scroll            |       |     1 |     5 |     4 |     5 ||    15
         Potion            |       |       |     1 |     1 |     1 ||     3
   Stab: Petrified         |       |       |       |       |     7 ||     7
         Petrifying        |       |       |       |       |     2 ||     2
 Armour: Robe              |     8 |       |       |   109 |       ||   117
         Ring mail         |    23 |       |    29 |    25 |       ||    77
         Skin              |     3 |       |       |       |    11 ||    14
         Leather armour    |    15 |    53 |    72 |       |       ||   140
         Chain mail        |       |       |       |    51 |       ||    51
         Acid dragon scale |       |       |       |    82 |   291 ||   373
  Dodge: Dodged            |    45 |   152 |   209 |   640 |   536 ||  1582

Table legend: (Time is in decaauts)
 A = Elapsed time spent in this place.
 B = Non-inter-level travel time spent in this place.
 C = Inter-level travel time spent in this place.
 D = Time resting spent in this place.
 E = Time spent auto-exploring this place.
 F = Levels seen in this place.
 G = Mean time per level.
                   A        B        C        D        E       F      G
               +--------+--------+--------+--------+--------+-----+--------+
         Total |  19130 |  18326 |    804 |   3349 |   9378 |  18 | 1062.8 |
       Dungeon |  13072 |  12515 |    557 |   1970 |   6483 |  11 | 1188.4 |
        Temple |     48 |      2 |     46 |      0 |      0 |   1 |   48.0 |
          Lair |   5895 |   5694 |    201 |   1379 |   2860 |   5 | 1179.0 |
         Sewer |    114 |    114 |      0 |      0 |     34 |   1 |  114.0 |
               +--------+--------+--------+--------+--------+-----+--------+

Top non-repeatable levels by time:
     D:9: 1800 daAuts
  Lair:1: 1708 daAuts
  Lair:4: 1610 daAuts
     D:8: 1571 daAuts
  Lair:3: 1550 daAuts
     D:6: 1429 daAuts
     D:7: 1391 daAuts
     D:4: 1133 daAuts
     D:1: 1075 daAuts
  Lair:2: 971 daAuts
    D:11: 968 daAuts
    D:10: 960 daAuts
     D:2: 957 daAuts
     D:5: 915 daAuts
     D:3: 869 daAuts
